 Dungeon Crawl Stone Soup version 0.25-a0-277-g7046ed1b37 (webtiles) character file.

Game seed: 7524521060353224064, levelgen mode: deterministic

12 Jerej03 the Chiller (level 2, 0/19 HPs)
             Began as a Vampire Ice Elementalist on Dec 9, 2019.
             Slain by a goblin
             ... wielding a +0 club
              (2 damage)
             ... on level 2 of the Dungeon.
             The game lasted 00:04:50 (496 turns).

Jerej03 the Chiller (Vampire Ice Elementalist)       Turns: 496, Time: 00:04:50

Health: 0/19       AC:  2    Str:  7    XL:     2   Next: 20%
Magic:  5/5        EV: 11    Int: 17    God:
Gold:   41         SH:  0    Dex: 14    Spells: 4/5 levels left

rFire    . . .     SeeInvis +   e - +0 mace
rCold    . . .     Gourm    .   (no shield)
rNeg     . . .     Faith    .   a - +0 robe
rPois    .         Spirit   .   (no helmet)
rElec    .         Reflect  .   (no cloak)
rCorr    .         Harm     .   (no gloves)
MR       .....                  (no boots)
Stlth    ++........             (no amulet)
HPRegen  0.26/turn              (no ring)
MPRegen  0.09/turn              (no ring)

@: lethally poisoned (0 -> 0), regenerating quickly, heavily drained
A: no food, fangs 3, see invisible, unbreathing
a: Exsanguinate


You were on level 2 of the Dungeon.
You were alive.

You visited 1 branch of the dungeon, and saw 2 of its levels.

You collected 41 gold pieces.

Inventory:

Hand Weapons
 c - a +0 dagger
 e - a +0 mace (weapon)
Missiles
 g - 7 silver boomerangs (quivered)
Armour
 a - a +0 robe (worn)
 h - a +0 large shield
Jewellery
 d - an uncursed amulet of harm
Scrolls
 f - a scroll of identify {unknown}
Potions
 b - a potion of heal wounds {unknown}


   Skills:
 + Level 0.1(0.0) Fighting
 + Level 2.1(0.7) Dodging
 + Level 3.2(1.7) Stealth
 * Level 2.0(0.5) Spellcasting
 + Level 4.4(2.8) Ice Magic


You had 4 spell levels left.
You knew the following spells:

 Your Spells              Type           Power        Failure   Level  Hunger
a - Freeze                Ice            ##..         7%          1    N/A

Your spell library contained the following spells:

 Spells                   Type           Power        Failure   Level  Hunger
 Ozocubu's Armour         Chrm/Ice       #.......     36%         3    N/A
 Hailstorm                Conj/Ice       #.......     77%         4    N/A
 Summon Ice Beast         Ice/Summ       #.......     77%         4    N/A

Dungeon Overview and Level Annotations

Branches:
Dungeon (2/15)

Altars:


Innate Abilities, Weirdness & Mutations

You do not eat.
Your natural rate of healing is unusually fast.
You have razor-sharp teeth.
You have supernaturally acute eyesight. (SInv)
You can survive without breathing.


Message History

You closely miss the adder.
The adder is lightly wounded.
You feel sick. The bat hits you. The adder misses you.
A hobgoblin comes into view. It is wielding a +0 club.
The adder closely misses you. The bat hits you but does no damage.
The goblin hits you with a +0 club.
* * * LOW HITPOINT WARNING * * *
The adder misses you.
You feel sick. The bat hits you.
* * * LOW HITPOINT WARNING * * *
The bat hits you but does no damage. The bat hits you but does no damage.
The adder bites you.
* * * LOW HITPOINT WARNING * * *
There is a stone staircase leading up here.
Casting: Freeze (safe; 7% risk of failure)
Confirm with . or Enter, or press ? or * to list all spells.
You don't know that spell.
You feel sick. The bat hits you but does no damage. x2
The adder barely misses you. The goblin hits you with a +0 club.
You die...

......
#####..?...
#..........
#$........^
#.........
#......#
#......#
#.g@b..#
#.S....#
#......#
#......#
#........#
#........#
#........#
###......#
......#


You could see an adder, a goblin and a bat.

Vanquished Creatures
  A dart slug (D:1)
  A giant cockroach (D:1)
  2 goblins (D:1)
  A hobgoblin (D:1)
  2 kobolds (D:1)
  2 rats (D:1)
9 creatures vanquished.

Notes
Turn   | Place    | Note
-------+----------+-------------------------------------------
     0 | D:1      | Jerej03 the Vampire Ice Elementalist began the quest for
                  | the Orb.
     0 | D:1      | Reached XP level 1. HP: 13/13 MP: 3/3
   289 | D:1      | Reached XP level 2. HP: 19/19 MP: 0/5
   496 | D:2      | Slain by a goblin

Levels and vault maps discovered:
D:1:      lemuel_arrival_cross, layout_rooms, minmay_misc_feat_nine_boxes
D:2:      layout_basic, chequers_ecumenical_altar_grove, uniq_terence

Action                   || total
-------------------------++-------
Melee: Unarmed           ||    23
       Dagger            ||     5
       Bite              ||     4
       Mace              ||    12
 Cast: Freeze            ||     9
 Stab: Sleeping          ||     2
Armor: Robe              ||     8
Dodge: Dodged            ||    34

Table legend:
 A = Non-vault XP
 B = Vault XP
 C = Vault XP percentage of total XP
 D = Non-vault monster count
 E = Vault monster count
 F = Vault count percentage of total count
                 A         B        C        D         E       F
            +---------+---------+-------+---------+---------+-------
      Total |      18 |       0 |   0.0 |       9 |       0 |   0.0
            +---------+---------+-------+---------+---------+-------
        D:1 |      18 |       0 |   0.0 |       9 |       0 |   0.0
            +---------+---------+-------+---------+---------+-------
